 Dungeon Crawl Stone Soup version 0.29.0-4-gdea44cf6ec (webtiles) character file.

Game seed: 7053155847196392588

77 qw the Chopper (level 4, -6/26 HPs)
             Began as a Tengu Warper on Aug 28, 2022.
             Mangled by a gnoll
             ... wielding a +0 halberd
              (7 damage)
             ... on level 2 of the Dungeon.
             The game lasted 00:00:09 (1857 turns).

qw the Chopper (Tengu Warper)                       Turns: 1857, Time: 00:00:10

Health: -6/26      AC:  5    Str: 13    XL:     4   Next: 34%
Magic:  8/8        EV: 11    Int: 13    God:
Gold:   61         SH:  0    Dex: 14    Spells: 7/7 levels left

rFire   . . .      SeeInvis .   Y - +0 hand axe (freeze)
rCold   . . .      Faith    .   (no shield)
rNeg    . . .      Spirit   .   g - +0 ring mail
rPois   .          Reflect  .   (helmet restricted)
rElec   .          Harm     .   (no cloak)
rCorr   .          Rampage  .   (no gloves)
Will    .....                   (boots unavailable)
Stlth   +.........              (no amulet)
HPRegen 0.08/turn               (no ring)
MPRegen 0.11/turn               (no ring)

@: no status effects
A: beak, talons 3
a: no special abilities


You were on level 2 of the Dungeon.
You visited 1 branch of the dungeon, and saw 2 of its levels.

You collected 61 gold pieces.


Innate Abilities, Weirdness & Mutations

You have a beak for a mouth.
You have claws for feet.


   Skills:
 - Level 2.0 Fighting
 + Level 4.9 Axes
 - Level 1.0 Throwing
 - Level 1.1 Armour
 - Level 2.1 Dodging
 - Level 2.0 Spellcasting
 - Level 2.4 Translocations


You had 7 spell levels left.
You didn't know any spells.
Your spell library contained the following spells:

 Spells                   Type           Power      Damage    Failure   Level
 Blink                    Tloc           14%        N/A       30%         2
 Gell's Gravitas          Tloc           7%         N/A       52%         3
 Lesser Beckoning         Tloc           7%         N/A       52%         3
 Teleport Other           Tloc           7%         N/A       52%         3
 Manifold Assault         Tloc           7%         N/A       99%         5

Inventory:

Hand Weapons
 f - a +0 mace of protection
 Y - a +0 hand axe of freezing (weapon)
Armour
 g - a +0 ring mail (worn)
Scrolls
 d - 2 scrolls of fear {unknown}
 e - a scroll of enchant weapon {unknown}
 h - a scroll of butterflies {unknown}
 j - a scroll of identify
Potions
 a - 2 potions of lignification {unknown}
 c - a potion of attraction {unknown}
 k - a potion of curing {unknown}
 l - 2 potions of brilliance {unknown}

Dungeon Overview and Level Annotations

Branches:
Dungeon (2/15)

Altars:
Yredelemnul

Shops:
D:2 (


Message History

An adder is nearby!
The adder hisses angrily.
You hit the adder.
The adder seems to slow down.
You freeze the adder.
The adder is almost dead.
The adder closely misses you.
You hit the adder but do no damage. Your kick misses the adder.
You peck the adder, but do no damage.
The adder is almost dead.
The adder barely misses you.
You barely miss the adder. Your kick misses the adder.
Your peck misses the adder.
The adder is almost dead.
The adder bites you but does no damage.
You hit the adder.
The adder seems to slow down.
You freeze the adder.
You kill the adder!
h - a scroll labelled QAMOBO BUER 2 gnolls come into view.
The gnoll shouts! x2
A gnoll comes into view. It is wielding a +0 club.
A gnoll comes into view. It is wielding a +0 halberd.
The gnoll shouts! x2
The gnoll hits you from afar with a +0 spear.
You closely miss the gnoll. You claw the gnoll!
The gnoll is severely wounded.
You hit the gnoll but do no damage. The gnoll hits you with a +0 flail!
The gnoll hits you with a +0 spear.
1855 ||| DRINKING potion of heal wounds.
You feel much better. The gnoll closely misses you.
The gnoll hits you with a +0 spear! The gnoll misses you.
You barely miss the gnoll.
The gnoll is severely wounded.
You barely miss the gnoll. The gnoll hits you with a +0 flail!
The gnoll hits you with a +0 spear! The gnoll barely misses you.
You hit the gnoll. You freeze the gnoll.
You kill the gnoll!
You hit the gnoll but do no damage.
The gnoll hits you from afar with a +0 halberd!
You die...

######### #......g###
#.###..@g.#
#.##..~~~g.#
#.##.~~~~~.#
########.##.~~~~~.#
##.....##..#.~~~~~.#
##..........#..~~~..#
#...........#}..\..}#
#...........#########
#...........<....#


You could see 3 gnolls.

Vanquished Creatures
  4 adders (D:2)
  A gnoll (D:2)
  A dart slug (D:2)
  2 ball pythons
  6 bats
  3 endoplasms
  A giant cockroach (D:2)
  4 goblins
  5 hobgoblins
  2 jackals (D:2)
  3 kobolds
  A quokka (D:2)
  A frilled lizard (D:1)
  2 rats (D:2)
36 creatures vanquished.

Vanquished Creatures (others)
  7 plants (D:1)
7 creatures vanquished.

Grand Total: 43 creatures vanquished

Notes
Turn   | Place    | Note
-------+----------+-------------------------------------------
     0 | D:1      | qw the Tengu Warper began the quest for the Orb.
     0 | D:1      | Reached XP level 1. HP: 12/12 MP: 4/4
     0 | D:1      | 0 ||| qw: Version: 0.1-a-89-g26bdef1
     0 | D:1      | 0 ||| qw: Game counter: 839
     0 | D:1      | 0 ||| qw: Always use a shield: true
     0 | D:1      | 0 ||| qw: God list: Okawaru
     0 | D:1      | 0 ||| qw: Allow faded altars: false
     0 | D:1      | 0 ||| qw: Do Orc after D:15 true
     0 | D:1      | 0 ||| qw: Do second Lair branch before Depths: true
     0 | D:1      | 0 ||| qw: Lair rune preference: random
     0 | D:1      | 0 ||| qw: Plans: Normal
     0 | D:1      | 0 ||| PLANNING D:1-11
   227 | D:1      | Reached skill level 3 in Axes
   227 | D:1      | Reached XP level 2. HP: 13/17 MP: 6/6
   370 | D:1      | 370 ||| Stepping ~*~*~tactically~*~*~ (stealth).
   676 | D:1      | 676 ||| Stepping ~*~*~tactically~*~*~ (stealth).
   682 | D:1      | 682 ||| Stepping ~*~*~tactically~*~*~ (stealth).
   988 | D:1      | Found a faded altar of an unknown god.
  1190 | D:1      | 1190 ||| UPGRADING to +0 ring mail.
  1200 | D:1      | 1200 ||| DROPPING +0 leather armour.
  1201 | D:1      | 1201 ||| READING scroll labelled DAMYRH YS ITTE.
  1202 | D:1      | 1202 ||| READING scroll labelled OKAIBI UPPELUUGA.
  1203 | D:1      | 1203 ||| READING 2 scrolls labelled GIRIAHURUSUDGH.
  1204 | D:1      | 1204 ||| DRINKING 2 viscous grey potions.
  1205 | D:1      | 1205 ||| DROPPING scroll of blinking.
  1244 | D:2      | 1244 ||| STAIRDANCE
  1254 | D:2      | HP: 2/17 [adder (3)]
  1255 | D:2      | 1255 ||| DRINKING potion of heal wounds.
  1257 | D:2      | Reached XP level 3. HP: 19/21 MP: 7/7
  1324 | D:2      | 1324 ||| Stepping ~*~*~tactically~*~*~ (stealth).
  1333 | D:2      | Reached skill level 4 in Axes
  1361 | D:2      | Found a basalt altar of Yredelemnul.
  1472 | D:2      | 1472 ||| Stepping ~*~*~tactically~*~*~ (stealth).
  1487 | D:2      | 1487 ||| Stepping ~*~*~tactically~*~*~ (stealth).
  1491 | D:2      | 1491 ||| Stepping ~*~*~tactically~*~*~ (stealth).
  1529 | D:2      | 1529 ||| DROPPING +0 whip.
  1719 | D:2      | Reached XP level 4. HP: 26/26 MP: 8/8
  1789 | D:2      | 1789 ||| Stepping ~*~*~tactically~*~*~ (stealth).
  1792 | D:2      | 1792 ||| Stepping ~*~*~tactically~*~*~ (stealth).
  1850 | D:2      | Found Hafass's Antique Weapon Shoppe.
  1854 | D:2      | HP: 4/26 [gnoll/+0 spear (6)]
  1855 | D:2      | 1855 ||| DRINKING potion of heal wounds.
  1856 | D:2      | HP: 1/26 [gnoll/+0 spear (8)]
  1857 | D:2      | Mangled by a gnoll

Levels and vault maps discovered:
D:1:      shiori_arrival_oz, layout_basic,
          hellmonk_ecumenical_altar_pennies_from_heaven, chequers_big_river,
          nicolae_kite_square_tiling_tiny
D:2:      layout_rooms, basic_altar, serial_shops, nicolae_lakefront_shop

Skill      XL: |  1  2  3 |
---------------+----------+-----
Axes           | 3 4 |  4.9
Fighting       | |  2.0
Throwing       | |  1.0
Armour         | |  1.1
Dodging        | |  2.1
Spellcasting   | |  2.0
Translocations | |  2.4

Action                   |  1- 3 |  4- 6 || total
-------------------------+-------+-------++-------
Melee: Hand axe          |    60 |    13 ||    73
       Kick              |    15 |     3 ||    18
       Peck              |    11 |     2 ||    13
Throw: Javelin           |     9 |       ||     9
       Boomerang         |     7 |       ||     7
  Use: Scroll            |     3 |       ||     3
       Potion            |     2 |     1 ||     3
Armor: Leather armour    |     6 |       ||     6
       Ring mail         |    11 |     2 ||    13
Dodge: Dodged            |    23 |    12 ||    35

Table legend:
 A = Non-vault XP
 B = Vault XP
 C = Vault XP percentage of total XP
 D = Non-vault monster count
 E = Vault monster count
 F = Vault count percentage of total count
                 A         B        C        D         E       F
            +---------+---------+-------+---------+---------+-------
      Total |     120 |       4 |   3.2 |      34 |       2 |   5.6
            +---------+---------+-------+---------+---------+-------
        D:1 |      25 |       4 |  13.8 |      14 |       2 |  12.5
        D:2 |      95 |       0 |   0.0 |      20 |       0 |   0.0
            +---------+---------+-------+---------+---------+-------
